 Dungeon Crawl Stone Soup version 0.23-a0-650-ga4d50d4 (webtiles) character file.

401 Amnesiac the Digger (level 6, 24/24 HPs)
             Began as a Felid Earth Elementalist on Jan 5, 2019.
             Was a Believer of Dithmenos.
             Quit the game on level 5 of the Dungeon.
             The game lasted 00:10:46 (4992 turns).

Amnesiac the Digger (Felid Earth Elementalist)      Turns: 4992, Time: 00:10:47

Health: 24/24      AC:  2    Str:  4    XL:     6   Next: 54%
Magic:  12/12      EV: 18    Int: 19    God:    Dithmenos [**....]
Gold:   214        SH:  0    Dex: 20    Spells: 1/13 levels left
                                        Lives:  1   Deaths: 1

rFire    . . .     SeeInvis +     - Unarmed
rCold    . . .     Gourm    .   (shield unavailable)
rNeg     . . .     Faith    .   (armour unavailable)
rPois    +         Spirit   .   (helmet unavailable)
rElec    .         Reflect  .   (cloak unavailable)
rCorr    .         Harm     .   (gloves unavailable)
MR       .....     Rnd*Tele +   (boots unavailable)
Stlth    ++++++....             h - amulet of magic regeneration
HPRegen  0.08/turn              p - +4 ring of dexterity
MPRegen  0.38/turn              g - ring of poison resistance

@: wreathed by umbra, quick
A: very small, no armour, no weapons or thrown items, stealth, claws 1, fangs 3,
camouflage 1, see invisible, carnivore, speed 1, low mp 1, shaggy fur 2, slow
metabolism 1, teleportitis 1, sharp paws
a: Shadow Step, Renounce Religion


You were on level 5 of the Dungeon.
You worshipped Dithmenos.
Dithmenos was pleased with you.
You were not hungry.

You visited 1 branch of the dungeon, and saw 5 of its levels.

You collected 214 gold pieces.

Inventory:

Missiles
 b - 30 stones
Jewellery
 g - a ring of poison resistance (right paw)
 h - an amulet of magic regeneration (around neck)
 p - a +4 ring of dexterity (left paw)
Wands
 e - a wand of iceblast (8)
 f - a wand of digging (5)
Scrolls
 j - a scroll of fear {!r, unknown}
 l - a scroll of teleportation {!r}
 m - a scroll of amnesia {!r}
 n - a scroll of noise {!r, unknown}
 o - 3 scrolls of remove curse {!r}
 q - 2 scrolls of magic mapping {!r}
Potions
 a - 3 potions of lignification {!q}
 d - 3 potions of curing {!q}
 k - a potion of brilliance {!q}
 s - a potion of heal wounds {!q}
Comestibles
 c - 14 rations


   Skills:
 - Level 2.6 Dodging
 - Level 4.0 Stealth
 - Level 2.0 Unarmed Combat
 + Level 4.4 Spellcasting
 - Level 1.1 Transmutations
 * Level 6.5 Earth Magic


You had one spell level left.
You knew the following spells:

 Your Spells              Type           Power        Failure   Level  Hunger
a - Stone Arrow           Conj/Erth      ###...       11%         3    ###....
b - Passwall              Tmut/Erth      ###.....     4%          2    #......
c - Sandblast             Erth           ####..       1%          1    None
d - Lee's Rapid Deconstr  Erth           ####......   26%         5    ######.
z - Confusing Touch       Hex            #.....       13%         1    None

Your spell library contained the following spells:

 Spells                   Type           Power        Failure   Level  Hunger
 Petrify                  Tmut/Erth      ###.....     28%         4    ####...
 Confuse                  Hex            #.......     36%         3    ###....
 Gell's Gravitas          Tloc           #.........   36%         3    ###....
 Yara's Violent Unravell  Hex/Tmut       #.........   96%         5    ######.
 Metabolic Englaciation   Hex/Ice        #.........   98%         5    ######.
 Haunt                    Necr/Summ      #.........   100%        7    #######
 Borgnjor's Revivificati  Necr           #.........   100%        8    #######
 Death's Door             Chrm/Necr      #.........   100%        8    #######
 Infestation              Necr           #.........   100%        8    #######
 Necromutation            Tmut/Necr      #.........   100%        8    #######


Dungeon Overview and Level Annotations

Branches:
Dungeon (5/15)             Temple (0/1) D:4

Altars:
Ashenzari
Dithmenos
Elyvilon
Hepliaklqana
Nemelex Xobeh
Qazlal
Ru
Vehumet
Xom
Zin


Innate Abilities, Weirdness & Mutations

You cannot wear armour.
You are incapable of wielding weapons or throwing items.
Your paws allow you to move quietly. (Stealth)
You have sharp claws.
You have razor-sharp teeth.
You have supernaturally acute eyesight. (SInv)
You are carnivorous and can eat meat at any time.
You cover ground quickly.
You are covered in thick fur. (AC +2)
You have a slow metabolism.
Your sharp claws are effective at attacking unaware monsters.
Your skin changes colour to match your surroundings (Stealth+).
Your magical capacity is low. (-10% MP)
You are occasionally teleported next to monsters.


Message History

Press: ? - help, Shift-Dir - straight line, f - howler monkey
Aim: a howler monkey (umbra)
You miscast Stone Arrow.
You are very lightly contaminated with residual magic.
Your hair stands on end.
The howler monkey hoots and howls with incredible vigour!
You hear an angry hiss. x2
Unknown command.
Casting: Stone Arrow (safe; 12% risk of failure)
Confirm with . or Enter, or press ? or * to list all spells.
Aiming: Stone Arrow (safe; 12% risk of failure)
Press: ? - help, Shift-Dir - straight line, f/p - howler monkey
Aim: a howler monkey (catching its breath, umbra)
The stone arrow hits the howler monkey.
The howler monkey is heavily wounded.
Unknown command.
Casting: Stone Arrow (safe; 12% risk of failure)
Confirm with . or Enter, or press ? or * to list all spells.
You don't have enough magic to cast that spell.
Unknown command.
You scratch the howler monkey.
The howler monkey is heavily wounded.
The howler monkey misses you.
Casting: Stone Arrow (safe; 12% risk of failure)
Confirm with . or Enter, or press ? or * to list all spells.
Aiming: Stone Arrow (safe; 12% risk of failure)
Press: ? - help, Shift-Dir - straight line, f/p - howler monkey
Aim: a howler monkey (heavily wounded, catching its breath, umbra)
The stone arrow misses the howler monkey.
The howler monkey hits you!
Unknown command.
You scratch the howler monkey.
The howler monkey is almost dead.
The howler monkey hoots and howls with incredible vigour!
The howler monkey hits you.
You hear an angry hiss. x2
You closely miss the howler monkey.
The howler monkey is almost dead.
The howler monkey completely misses you.
You scratch the howler monkey.
You kill the howler monkey!
Dithmenos accepts your kill.
You claw the leopard gecko skeleton!
You destroy the leopard gecko skeleton!
Dithmenos accepts your kill.
A giant cockroach comes into view.
You catch the helpless centaur completely off-guard!
You claw the centaur! You bite the centaur.
The centaur is severely wounded.
A leopard gecko comes into view.
The centaur completely misses you. The giant cockroach misses you.
The leopard gecko hisses angrily.
You scratch the centaur but do no damage.
The centaur is severely wounded.
The centaur zaps a wand.
The bolt of acid hits you!
* * * LOW HITPOINT WARNING * * *
The acid corrodes you!
You are splashed with acid!
The acid burns!
You die...
The giant cockroach barely misses you. The centaur closely misses you.
You are now level 6!
You rejoin the land of the living...
Found a quarterstaff.
Unknown command.
Are you sure you want to abandon this character and quit the game? (Confirm

* *,**,,,,,,*******,* *,* *,* *
*,*******,* *,* *,* *,*
***,*******,*******,***,******,*
,,,,,,,,,,,,,,,,,,,,,,,,,,,,,,,*
***,*******,*******,***,******,*
*,,,,,,,* *,*#####*,**,,* *,*
*,****,,* *,##...##,,,,,* *,*
*,****,,*##.#.....####..******,*
,,,,,,,,,.......@.......,,,,,,,*
*,****,,*##..).....###..********
,,****,,* #..#...#.# *,,*
****,,,,* #.,##.##.#**,,*
,,,,,,,,***,,,..,,,.,,,,*
***,,,,,,,,,,.#.**,##*,**
*,**,*****,##.**,* *,*
*,**,*****,,..,,,* *,*
*,**,,,,,,,,,,,,****,*


There were no monsters in sight!

Vanquished Creatures
  2 ice beasts
  A scorpion (D:4)
  4 howler monkeys
  3 orc priests (D:2)
  2 orc wizards
  A centaur skeleton (D:4)
  A worker ant (D:3)
  A hound skeleton (D:4)
  4 adders
  2 gnolls (D:5)
  A howler monkey skeleton (D:4)
  An ooze (D:3)
  A dart slug (D:2)
  4 leopard geckos
  23 orcs
  10 bats
  2 giant cockroaches
  9 goblins
  5 hobgoblins
  6 jackals
  2 quokkas
  4 frilled lizards
  6 kobolds
  3 leopard gecko skeletons
  9 rats
107 creatures vanquished.

Notes
Turn   | Place    | Note
-------+----------+-------------------------------------------
     0 | D:1      | Amnesiac the Felid Earth Elementalist began the quest for
                  | the Orb.
     0 | D:1      | Reached XP level 1. HP: 7/7 MP: 4/4
    96 | D:1      | Reached skill level 3 in Earth Magic
   157 | D:2      | Found a sacrificial altar of Ru.
   171 | D:2      | Noticed an orc wizard
   186 | D:1      | Reached XP level 2. HP: 8/11 MP: 6/6
   217 | D:1      | Learned a level 2 spell: Passwall
   493 | D:1      | Found a sparkling altar of Nemelex Xobeh.
   679 | D:4      | Found a faded altar of an unknown god.
   679 | D:4      | Found a shadowy altar of Dithmenos.
   684 | D:4      | Found a hazy altar of Hepliaklqana.
   686 | D:4      | Found a faded altar of an unknown god.
   687 | D:4      | Found a sparkling altar of Nemelex Xobeh.
   707 | D:4      | Became a worshipper of Dithmenos the Shadowed
  1315 | D:2      | Reached XP level 3. HP: 7/14 MP: 3/7
  1773 | D:3      | Reached * piety under Dithmenos
  1859 | D:3      | Learned a level 3 spell: Stone Arrow
  1931 | D:3      | Reached skill level 1 in Unarmed Combat
  1931 | D:3      | Reached XP level 4. HP: 8/18 MP: 6/8
  2273 | D:3      | Reached skill level 4 in Earth Magic
  2592 | D:3      | Found a shimmering altar of Xom.
  2667 | D:3      | Found a radiant altar of Vehumet.
  2750 | D:3      | Reached ** piety under Dithmenos
  3048 | D:2      | Found a glowing silver altar of Zin.
  3048 | D:2      | Found a shattered altar of Ashenzari.
  3049 | D:2      | Found a white marble altar of Elyvilon.
  3118 | D:2      | Reached XP level 5. HP: 15/21 MP: 4/10
  3119 | D:2      | Gained mutation: You are occasionally teleported next to
                  | monsters. [potion of mutation]
  3119 | D:2      | Gained mutation: Your magical capacity is low. (-10% MP)
                  | [potion of mutation]
  3119 | D:2      | Gained mutation: Your skin changes colour to match your
                  | surroundings (Stealth+). [potion of mutation]
  3275 | D:2      | HP: 1/21 [orc priest/divine providence (15)]
  3699 | D:4      | Noticed an ice beast
  3718 | D:3      | Gained mutation: You are covered in thick fur. (AC +2)
                  | [Felid growth]
  3718 | D:3      | Reached XP level 6. HP: 22/24 MP: 2/10
  3839 | D:4      | Reached skill level 5 in Earth Magic
  4092 | D:4      | Learned a level 1 spell: Confusing Touch
  4210 | D:4      | Killed an ice beast
  4232 | D:4      | Found a staircase to the Ecumenical Temple.
  4278 | D:4      | Reached XP level 7. HP: 27/27 MP: 5/12
  4833 | D:4      | Learned a level 5 spell: Lee's Rapid Deconstruction
  4854 | D:5      | Entered Level 5 of the Dungeon
  4880 | D:5      | Found a stormy altar of Qazlal.
  4917 | D:5      | Reached skill level 6 in Earth Magic
  4991 | D:5      | Splashed by a centaur's acid
  4992 | D:5      | Reached XP level 6. HP: -9/24 MP: 3/12
  4992 | D:5      | Quit the game

Vault maps used:
D:1:      roderic_dead_forest, st_stairs_7, nemelex_xobeh_ov_fountains_minmay
D:2:      cheibrodos_pilgrimage, gammafunk_temple_overflow_claw, first_ration,
          nicolae_ru_sacrificial_ziggurat
D:3:      marbit_many_paths, fiery_altar_vehumet
D:4:      chequers_temple_overflow_minitemple,
          minmay_temple_entry_statues_fountains, chequers_serial_rivers_small_b
D:5:      grunt_temple_overflow_forces_of_nature, portal_sewer_entry_f,
          serial_shops, shop

Skill      XL: |  1  2  3  4  5  6  7 |
---------------+----------------------+-----
Earth Magic    | 3 4 5 6 |  6.5
Stealth        | 3 4 |  4.0
Unarmed Combat | 1 2 |  2.0
Spellcasting   | 3 4 |  4.4
Dodging        | |  2.6
Transmutations | |  1.1

Action                   |  1- 3 |  4- 6 |  7- 9 || total
-------------------------+-------+-------+-------++-------
Melee: Unarmed           |    72 |   106 |    22 ||   200
       Bite              |     4 |    17 |     1 ||    22
 Cast: Sandblast         |    31 |    75 |     3 ||   109
       Passwall          |     1 |       |       ||     1
       Stone Arrow       |       |     3 |    15 ||    18
       Confusing Touch   |       |     1 |       ||     1
  Use: Scroll            |     3 |       |     7 ||    10
       Potion            |       |     5 |       ||     5
 Stab: Sleeping          |    11 |     6 |     1 ||    18
       Distracted        |       |       |     1 ||     1
  Eat: Chunk             |     9 |     5 |       ||    14
Armor: Skin              |     3 |    18 |       ||    21
Dodge: Dodged            |    73 |   109 |    18 ||   200

Table legend:
 A = Non-vault XP
 B = Vault XP
 C = Vault XP percentage of total XP
 D = Non-vault monster count
 E = Vault monster count
 F = Vault count percentage of total count
                 A         B        C        D         E       F
            +---------+---------+-------+---------+---------+-------
      Total |     976 |     136 |  12.2 |      99 |       8 |   7.5
            +---------+---------+-------+---------+---------+-------
        D:1 |      27 |       2 |   6.9 |      15 |       1 |   6.2
        D:2 |     108 |     133 |  55.2 |      24 |       6 |  20.0
        D:3 |     135 |       1 |   0.7 |      36 |       1 |   2.7
        D:4 |     384 |       0 |   0.0 |      16 |       0 |   0.0
        D:5 |     322 |       0 |   0.0 |       8 |       0 |   0.0
            +---------+---------+-------+---------+---------+-------
